 Dungeon Crawl Stone Soup version 0.21.0-30-g47ce8e4 (webtiles) character file.

19 letownia2 the Magician (level 2, -10/19 HPs)
             Began as a Formicid Wizard on Jan 28, 2018.
             Shot with an arrow by a centaur (12 damage)
             ... on level 6 of the Dungeon.
             The game lasted 00:02:56 (839 turns).

letownia2 the Magician (Formicid Wizard)             Turns: 839, Time: 00:02:56

Health: -10/19     AC:  3    Str: 11    XL:     2   Next: 95%
Magic:  6/6        EV: 11    Int: 17    God:
Gold:   16         SH:  0    Dex:  9    Spells: 6/7 levels left

rFire    . . .     SeeInvis +   b - +1 short sword (protect)
rCold    . . .     Gourm    .   (no shield)
rNeg     . . .     Faith    .   m - +0 leather armour
rPois    .         Spirit   .   (helmet unavailable)
rElec    .         Reflect  .   (no cloak)
rCorr    .         Harm     .   (no gloves)
MR       .....                  (no boots)
Stlth    ++........             (no amulet)
HPRegen  0.06/turn              (no ring)
MPRegen  0.10/turn              (no ring)

@: no status effects
A: permanent stasis, dig shafts and tunnels, four strong arms, antennae 3
a: Dig, Shaft Self


You were on level 6 of the Dungeon.
You were not hungry.

You visited 1 branch of the dungeon, and saw 5 of its levels.

You collected 16 gold pieces.

Inventory:

Hand Weapons
 a - a +0 quarterstaff
 b - a +1 short sword of protection (weapon)
 d - a +0 dagger
 j - a +0 hunting sling
Missiles
 k - 33 stones (quivered)
Armour
 f - a +0 robe
 h - a +0 scale mail
 m - a +0 leather armour (worn)
Scrolls
 e - a scroll of noise {unknown}
 g - a scroll of remove curse {unknown}
Potions
 n - a potion of ambrosia {unknown}
Books
 l - a book of Minor Magic

   Spells                             Type                      Level
   a - Magic Dart                     Conjuration                  1
   b - Blink                          Translocation                2
   c - Call Imp                       Summoning                    2
   d - Slow                           Hexes                        2
   e - Conjure Flame                  Conjuration/Fire             3
   f - Mephitic Cloud                 Conjuration/Poison/Air       3
Comestibles
 c - a ration
 i - 4 chunks of flesh


   Skills:
 - Level 1.7 Dodging
 - Level 2.4 Stealth
 - Level 1.1 Unarmed Combat
 - Level 3.2 Spellcasting
 + Level 2.0 Conjurations
   Level 1.0 Summonings
   Level 0.8 Translocations


You had 6 spell levels left.
You knew the following spells:

 Your Spells              Type           Power        Failure   Level  Hunger
a - Magic Dart            Conj           #...         10%         1    None


Dungeon Overview and Level Annotations

Branches:
Dungeon (4/15)
 Temple: D:4-7

Altars:
Vehumet

Annotations:
D:2 exclusion: worm


Innate Abilities, Weirdness & Mutations

You cannot be hasted, slowed, berserked, paralysed or teleported.
You can dig through walls and to a lower floor.
Your four strong arms can wield two-handed weapons with a shield.
You have a pair of large antennae on your head. (SInv)


Message History

You now have 16 gold pieces (gained 5).
Some of the chunks of flesh in your inventory have rotted away.
You start resting.
Your magical contamination has completely faded away.
Unknown command.
You start resting.
Magic restored.
Unknown command.
Okay, then.
The centaur shouts!
The centaur wields a shortbow.
The centaur shoots an arrow.
The arrow hits you.
You see here an arrow.
The centaur shoots an arrow.
The arrow hits you.
You see here an arrow.
The centaur shoots an arrow.
The arrow hits you!
Ouch! That really hurt!
* * * LOW HITPOINT WARNING * * *
The centaur shoots an arrow.
The arrow hits you!
Ouch! That really hurt!
You die...

.#...........#
?
............#
.#...........#
............#
#.....c....#
#........#
##..>.....##
#...@......#
#..(.......#
#.(........#
#.........?#
#..........#
##........##
##......##
########


You could see a centaur.

Vanquished Creatures
  An adder skeleton (D:6)
  An orc (D:3)
  A ball python (D:2)
  2 giant cockroaches (D:2)
  3 goblins
  A frilled lizard (D:1)
  4 kobolds
  A rat (D:2)
14 creatures vanquished.

Vanquished Creatures (others)
  A goblin (D:2)
  A quokka (D:3)
2 creatures vanquished.

Grand Total: 16 creatures vanquished

Notes
Turn   | Place    | Note
-------+----------+-------------------------------------------
     0 | D:1      | letownia2 the Formicid Wizard began the quest for the Orb.
     0 | D:1      | Reached XP level 1. HP: 13/13 MP: 4/4
    14 | D:1      | Reached skill level 1 in Conjurations
   280 | D:2      | Found a radiant altar of Vehumet.
   447 | D:2      | Reached XP level 2. HP: 19/19 MP: 0/6
   562 | D:2      | Reached skill level 1 in Unarmed Combat
   781 | D:3      | You fall through a shaft for 3 floors!
   781 | D:6      | Noticed a centaur
   839 | D:6      | Shot with an arrow by a centaur

Skill      XL: |  1  2 |
---------------+-------+-----
Conjurations   | 1 2 |  2.0
Unarmed Combat | 1 |  1.1
Dodging        | |  1.7
Stealth        | |  2.4
Spellcasting   | |  3.2
Summonings     | |  1.0
Translocations | |  0.8

Action                   || total
-------------------------++-------
Melee: Quarterstaff      ||     3
       Short sword       ||     5
 Cast: Magic Dart        ||    39
Armor: Leather armour    ||     1
Dodge: Dodged            ||    10
